 Dungeon Crawl Stone Soup version 0.30.1-11-g7821555f0a (webtiles) character file.

Game seed: 1475482788932961289

36 SacredBeard the Vexing (level 3, 0/20 HPs)
             Began as a Deep Elf Hexslinger on Oct 30, 2023.
             Slain by an adder (1 damage)
             ... on level 2 of the Dungeon.
             The game lasted 00:01:58 (1003 turns).

SacredBeard the Vexing (Deep Elf Hexslinger)        Turns: 1003, Time: 00:01:59

Health: 0/20       AC:  3    Str:  7    XL:     3   Next: 19%
Magic:  8/8        EV: 12    Int: 17    God:
Gold:   71         SH:  0    Dex: 17    Spells: 5/6 levels left

rFire   . . .        a - +1 sling
rCold   . . .        (no shield)
rNeg    . . .        g - +0 leather armour
rPois   .            (no helmet)
rElec   .            (no cloak)
rCorr   .            (no gloves)
SInv    .            (no boots)
Will    .....        (no amulet)
Stlth   +            (no ring)
HPRegen 0.23/turn    (no ring)
MPRegen 0.11/turn

%: no passive effects
@: lethally poisoned (0 -> -2)
A: no striking features
a: no special abilities


You were on level 2 of the Dungeon.
You visited 1 branch of the dungeon, and saw 2 of its levels.

You collected 71 gold pieces.

Inventory:

Hand Weapons
 a - a +1 sling (weapon)
Missiles
 k - 2 throwing nets
Armour
 g - a +0 leather armour (worn)
Jewellery
 i - a ring of positive energy
Scrolls
 b - a scroll of poison
 d - 2 scrolls of teleportation {unknown}
 e - a scroll of amnesia {unknown}
 j - a scroll of identify {unknown}
 l - a scroll of blinking {unknown}
Potions
 c - 2 potions of might {unknown}
 f - a potion of lignification {unknown}
 h - a potion of curing {unknown}


   Skills:
 - Level 1.0 Fighting
 * Level 3.5 Ranged Weapons
 + Level 0.7 Armour
 + Level 2.7 Dodging
 + Level 2.2 Spellcasting
 + Level 4.3 Hexes


You had 5 spell levels left.
You knew the following spells:

 Your Spells              Type           Power      Damage    Failure   Level
a - Slow                  Hex            64%        N/A       4%          1

Your spell library contained the following spells:

 Spells                   Type           Power      Damage    Failure   Level
 Inner Flame              Hex/Fire       9%         N/A       34%         3
 Portal Projectile        Hex/Tloc       18%        N/A       34%         3
 Cause Fear               Hex            8%         N/A       43%         4


Dungeon Overview and Level Annotations

Branches:
Dungeon (2/15) Zot: 10968

Altars:


Message History

The sling bullet closely misses the adder.
You feel sick.
You are no longer poisoned.
The adder closely misses you.
You shoot a sling bullet. The sling bullet hits the adder.
The adder is moderately wounded.
The adder bites you but does no damage.
You shoot a sling bullet. The sling bullet misses the adder.
The adder bites you.
You are poisoned.
The adder poisons you!
You shoot a sling bullet.
The sling bullet closely misses the adder.
You feel sick. The adder closely misses you.
The adder bites you but does no damage.
You shoot a sling bullet.
The sling bullet closely misses the adder.
You feel sick. The adder closely misses you.
You shoot a sling bullet. The sling bullet hits the adder.
The adder is heavily wounded.
You feel sick. The adder bites you but does no damage.
You shoot a sling bullet.
The sling bullet hits the adder but does no damage.
The adder is heavily wounded.
You feel sick.
You are no longer poisoned.
The adder bites you.
* * * LOW HITPOINT WARNING * * *
You shoot a sling bullet.
The sling bullet barely misses the adder.
The adder bites you but does no damage.
You shoot a sling bullet. The sling bullet misses the adder.
The adder is no longer moving slowly.
The adder bites you.
* * * LOW HITPOINT WARNING * * *
You are lethally poisoned!
The adder poisons you! The adder closely misses you.
You shoot a sling bullet. The sling bullet misses the adder.
* * * LOW HITPOINT WARNING * * *
You feel sick. The adder bites you.
You die...

#.####+..[#....##
#....#....#....#
#####...##......#
.. #.......#
.#......
....####.###..##
.###..##
.........##......
# .
...####..##...####
#...#...#
##@>....#
#.....S..##..#
#.######.#...# .#
.. .# # .# (# .#


You could see an adder.

Vanquished Creatures
  An adder (D:2)
  A ball python (D:1)
  3 bats (D:1)
  3 endoplasms (D:1)
  A giant cockroach (D:1)
  A goblin (D:2)
  4 hobgoblins
  3 kobolds (D:1)
  3 quokkas (D:1)
  A frilled lizard (D:1)
  3 rats
24 creatures vanquished.

Notes
Turn   | Place    | Note
-------+----------+-------------------------------------------
     0 | D:1      | SacredBeard the Deep Elf Hexslinger began the quest for the
                  | Orb.
     0 | D:1      | Reached XP level 1. HP: 11/11 MP: 5/5
   304 | D:1      | Reached XP level 2. HP: 16/16 MP: 6/6
   463 | D:1      | Reached skill level 1 in Fighting
   932 | D:2      | Reached XP level 3. HP: 12/20 MP: 8/8
  1003 | D:2      | HP: 1/20 [poisoned by an adder]
  1003 | D:2      | Slain by an adder

Illustrated notes

Levels and vault maps discovered:
D:1:      dpeg_arrival_round_c, layout_basic
D:2:      layout_basic, chequers_serial_rivers_small_a, minmay_pentomino_v2

Skill      XL: |  1  2 |
---------------+-------+-----
Ranged Weapons | 3 |  3.5
Fighting       | 1 |  1.0
Spellcasting   | 2 |  2.2
Armour         | |  0.7
Dodging        | |  2.7
Hexes          | |  4.3

Action                     || total
---------------------------++-------
   Fire: Sling             ||    91
   Cast: Slow              ||     1
 Armour: Leather armour    ||    11
         Robe              ||     1
  Dodge: Dodged            ||    40
